 Dungeon Crawl Stone Soup version 0.23-a0-516-g0f8c245 (webtiles) character file.

3229 MisterFreud the Destroyer (level 9, -1/68 HPs)
             Began as a Naga Fire Elementalist on Dec 5, 2018.
             Was a Believer of Cheibriados.
             Slain by a hog (10 damage)
             ... on level 7 of the Dungeon.
             The game lasted 00:26:30 (7191 turns).

MisterFreud the Destroyer (Naga Fire Elementalist)  Turns: 7191, Time: 00:26:31

Health: -1/68      AC: 12    Str: 14    XL:     9   Next: 98%
Magic:  11/16      EV:  8    Int: 25    God:    Cheibriados [**....]
Gold:   429        SH:  5    Dex: 17    Spells: 10/18 levels left

rFire    + + .     SeeInvis +   a - +7 whip of Captu {drain, rF+ rC++ rN+ Str-3}
rCold    + + .     Gourm    .   I - +0 buckler
rNeg     + . .     Faith    .   h - +0 robe
rPois    +         Spirit   .   F - +0 helmet
rElec    .         Reflect  .   (no cloak)
rCorr    .         Harm     .   n - +0 pair of gloves
MR       +....                  f - +2 naga barding
Stlth    ++........             (no amulet)
HPRegen  0.21/turn              y - ring of fire
MPRegen  0.15/turn              C - ring of protection from cold

@: very slow
A: large, see invisible, deformed body, poison resistance, slowness 2, slow
metabolism 1, spit poison 1, AC +3
a: Spit Poison, Bend Time, Renounce Religion


You were on level 7 of the Dungeon.
You worshipped Cheibriados.
Cheibriados was pleased with you.
You were hungry.

You visited 1 branch of the dungeon, and saw 7 of its levels.

You collected 429 gold pieces.

Inventory:

Hand Weapons
 a - the +7 whip of Captu (weapon) {drain, rF+ rC++ rN+ Str-3}
   (You found it on level 6 of the Dungeon)

   A truly terrible weapon, it drains the life of those it strikes.
   It affects your strength (-3).
   It protects you from fire.
   It greatly protects you from cold.
   It protects you from negative energy.
 b - a +3 hunting sling of flaming
 l - a +0 whip
 B - a +0 spear
Missiles
 t - 161 stones (quivered)
 v - 16 bolts
 w - 9 tomahawks
 z - 75 sling bullets
 D - 68 arrows
 O - 9 poisoned needles
 P - 3 poisoned tomahawks
Armour
 f - a +2 naga barding (worn)
 h - a +0 robe (worn)
 n - a +0 pair of gloves (worn)
 E - a +2 large shield
 F - a +0 helmet (worn)
 I - a +0 buckler (worn)
 K - the +0 leather armour of Trog's Supremacy {Dex+4 Stlth+}
   (You found it on level 5 of the Dungeon)

   It affects your dexterity (+4).
   It makes you more stealthy.
Magical Staves
 N - an uncursed staff of power
Jewellery
 y - a ring of fire (left hand)
 C - a ring of protection from cold (right hand)
Wands
 m - a wand of polymorph (19)
 x - a wand of iceblast (9)
 L - a wand of flame (9)
Scrolls
 e - 8 scrolls of remove curse
 i - 2 scrolls of fear
 k - 3 scrolls of teleportation
 o - a scroll of magic mapping {unknown}
 p - a scroll of fog {unknown}
 s - 2 scrolls of blinking
 J - a scroll of enchant weapon
Potions
 d - 3 potions of agility
 g - a potion of invisibility
 j - 2 potions of lignification
 q - 2 potions of curing
 r - a potion of flight
 u - a potion of might
 H - 2 potions of mutation
 M - a potion of heal wounds {unknown}
Comestibles
 c - 10 rations


   Skills:
 - Level 0.1 Fighting
 - Level 1.7 Dodging
 - Level 3.1 Stealth
 - Level 2.4 Shields
 - Level 5.0 Spellcasting
 - Level 8.0 Conjurations
 - Level 8.0 Fire Magic
 * Level 5.8 Invocations


You had 10 spell levels left.
You knew the following spells:

 Your Spells              Type           Power        Failure   Level  Hunger
a - Flame Tongue          Conj/Fire      #####        1%          1    None
b - Conjure Flame         Conj/Fire      ######..     1%          3    ##.....
c - Sticky Flame          Conj/Fire      ######..     3%          4    ####...

Your spell library contained the following spells:

 Spells                   Type           Power        Failure   Level  Hunger
 Throw Flame              Conj/Fire      ######       1%          2    None
 Inner Flame              Hex/Fire       #####...     4%          3    ##.....
 Confusing Touch          Hex            #.....       9%          1    None
 Fireball                 Conj/Fire      ######....   9%          5    #####..
 Confuse                  Hex            #.......     24%         3    ##.....
 Gell's Gravitas          Tloc           #.........   24%         3    ##.....
 Petrify                  Tmut/Erth      #.......     63%         4    ####...
 Metabolic Englaciation   Hex/Ice        #.........   92%         5    #####..
 Yara's Violent Unravell  Hex/Tmut       #.........   92%         5    #####..


Dungeon Overview and Level Annotations

Branches:
Dungeon (7/15)             Temple (0/1) D:5

Altars:
Cheibriados
Gozag
Makhleb
The Shining One

Shops:
D:5 (


Innate Abilities, Weirdness & Mutations

You cannot wear boots.
Your serpentine skin is tough. (AC +3)
You have supernaturally acute eyesight. (SInv)
Armour fits poorly on your strangely shaped body.
Your system is resistant to poisons. (rPois)
You cover ground very slowly.
You have a slow metabolism.
You can spit poison.


Message History

* * * LOW HITPOINT WARNING * * *
Magic courses through your body. The hog bites you but does no damage.
Casting: Flame Tongue (safe; 1% risk of failure)
Confirm with . or Enter, or press ? or * to list all spells.
Aiming: Sticky Flame (safe; 3% risk of failure)
Press: ? - help, Shift-Dir - straight line, f/p - hog
Aim: a hog (moderately wounded)
You feel a surge of power!
The sticky flame hits the hog.
The hog is heavily wounded.
The hog is covered in liquid flames!
The hog burns!
The hog bites you but does no damage.
Casting: Sticky Flame (safe; 3% risk of failure)
Confirm with . or Enter, or press ? or * to list all spells.
Aiming: Flame Tongue (safe; 1% risk of failure)
Press: ? - help, Shift-Dir - straight line, f/p - hog
Aim: a hog (severely wounded, covered in liquid flames)
You feel a surge of power!
The flame tongue hits the hog.
The hog is severely wounded.
The hog burns!
The hog bites you!
You die...

######.######## #
#..##..#%%# ##
#..##..#.%# .###
#.###..'..#
...####.# #..#..#
.....#..###..#..#
..........#####'##
...............h.##
...............†@.#
.#######........###
## ####..#### #
####


You could see a hog (burning).

Vanquished Creatures
  A yak (D:7)
  A human (D:7)
  2 hogs (D:7)
  Menkaure (D:4)
  2 sky beasts (D:7)
  2 ice beasts
  An orc warrior (D:7)
  A black bear (D:6)
  3 ogres
  3 phantoms (D:7)
  A necrophage (D:6)
  A centaur (D:6)
  2 bullfrogs
  4 wights (D:7)
  2 crimson imps
  A centaur zombie (D:7)
  A bullfrog zombie (D:6)
  2 bullfrog skeletons
  4 hounds
  3 orc priests
  Ijyb (D:4)
  Jessica (D:3)
  3 iguanas
  5 worker ants
  4 orc wizards
  2 hound zombies
  Robin (D:4)
  7 gnolls
  7 adders
  2 oozes
  An adder skeleton (D:4)
  A worm (D:3)
  A leopard gecko (D:3)
  13 orcs
  A ball python (D:1)
  6 giant cockroaches
  18 goblins
  7 hobgoblins
  8 jackals
  5 kobolds
  A quokka (D:7)
  6 bats
  4 frilled lizards
  A giant cockroach zombie (D:5)
  A jackal skeleton (D:6)
  A quokka skeleton (D:6)
  6 rats
152 creatures vanquished.

Notes
Turn   | Place    | Note
-------+----------+-------------------------------------------
     0 | D:1      | MisterFreud the Naga Fire Elementalist began the quest for
                  | the Orb.
     0 | D:1      | Reached XP level 1. HP: 15/15 MP: 3/3
   213 | D:1      | Reached XP level 2. HP: 4/22 MP: 0/5
   819 | D:1      | Reached XP level 3. HP: 27/28 MP: 2/6
  1735 | D:2      | Reached XP level 4. HP: 36/36 MP: 2/8
  1738 | D:2      | Found a burning altar of Makhleb.
  1956 | D:3      | Learned a level 3 spell: Conjure Flame
  1961 | D:3      | Learned a level 4 spell: Sticky Flame
  2003 | D:3      | Found an opulent altar of Gozag.
  2056 | D:3      | Found a burning altar of Makhleb.
  2272 | D:3      | Reached XP level 5. HP: 42/42 MP: 7/9
  2700 | D:3      | Noticed Jessica
  2703 | D:3      | Killed Jessica
  2930 | D:3      | Noticed an ogre
  2933 | D:3      | Killed an ogre
  2933 | D:3      | Reached XP level 6. HP: 30/49 MP: 4/10
  3203 | D:3      | Reached skill level 5 in Fire Magic
  3329 | D:4      | Noticed Menkaure
  3337 | D:4      | Killed Menkaure
  3337 | D:4      | Reached skill level 5 in Conjurations
  3337 | D:4      | Reached XP level 7. HP: 26/55 MP: 0/11
  3538 | D:4      | Noticed Ijyb
  3550 | D:4      | Killed Ijyb
  3666 | D:4      | Noticed Robin
  3805 | D:4      | Killed Robin
  3993 | D:4      | Found a glowing golden altar of the Shining One.
  4170 | D:5      | Entered Level 5 of the Dungeon
  4300 | D:5      | Got an ichor-stained leather armour
  4311 | D:5      | Identified the cursed +0 leather armour of Trog's Supremacy
                  | {Dex+4 Stlth+} (You found it on level 5 of the Dungeon)
  4567 | D:5      | Found a snail-covered altar of Cheibriados.
  4570 | D:5      | Became a worshipper of Cheibriados the Contemplative
  4607 | D:5      | Found a staircase to the Ecumenical Temple.
  4807 | D:5      | Found Terad's Weapon Shop.
  5157 | D:6      | Reached skill level 1 in Shields
  5157 | D:6      | Reached XP level 8. HP: 10/62 MP: 6/14
  5746 | D:6      | Got a shimmering whip
  5747 | D:6      | Identified the +7 whip of Captu {drain, rF+ rC++ rN+ Str-3}
                  | (You found it on level 6 of the Dungeon)
  5787 | D:6      | Reached * piety under Cheibriados
  5811 | D:6      | Reached skill level 5 in Spellcasting
  6373 | D:7      | Reached XP level 9. HP: 62/68 MP: 11/16
  6599 | D:7      | Reached ** piety under Cheibriados
  6892 | D:7      | Reached skill level 1 in Invocations
  7184 | D:7      | Reached skill level 5 in Invocations
  7191 | D:7      | Slain by a hog

Vault maps used:
D:1:      lightli_arrival_statuegarden
D:2:      makhleb_blood_cavern_becter
D:3:      lemuel_crystal_altar, lemuel_doored_altar, due_unseen_surprise,
          uniq_jessica
D:4:      tso_altar, uniq_robin, uniq_menkaure, uniq_ijyb
D:5:      kennysheep_mini_moat, minmay_temple_entry_proselytizer, first_ration,
          serial_shops, nicolae_shop_stone, item_on_display_b
D:6:      minmay_fractal_squares_gapless_5
D:7:      lemuel_round_altar, grunt_ministairs_2, grunt_livestock

Skill      XL: |  1  2  3  4  5  6  7  8  9 |
---------------+----------------------------+-----
Fire Magic     | 4 5 6 8 |  8.0
Conjurations   | 2 3 5 7 8 |  8.0
Spellcasting   | 4 5 |  5.0
Shields        | 1 2 |  2.4
Invocations    | 5 |  5.8
Fighting       | |  0.1
Dodging        | |  1.7
Stealth        | |  3.1

Action                   |  1- 3 |  4- 6 |  7- 9 || total
-------------------------+-------+-------+-------++-------
Melee: Club              |     4 |       |       ||     4
       Unarmed           |     1 |       |     1 ||     2
       Whip              |       |    15 |    44 ||    59
       Spear             |       |       |    97 ||    97
 Fire: Hunting sling     |       |       |   113 ||   113
 Cast: Flame Tongue      |    33 |    46 |    50 ||   129
       Sticky Flame      |       |     3 |    37 ||    40
       Conjure Flame     |       |       |     1 ||     1
 Abil: Spit Poison       |    25 |    30 |    28 ||    83
  Use: Scroll            |     3 |     1 |    15 ||    19
       Potion            |       |       |     3 ||     3
 Stab: Sleeping          |       |       |     1 ||     1
  Eat: Chunk             |     3 |     7 |    13 ||    23
       Ration            |       |       |     1 ||     1
Armor: Robe              |    13 |    20 |   109 ||   142
       Skin              |       |       |    12 ||    12
Dodge: Dodged            |    13 |    19 |    77 ||   109
Block: Buckler           |       |       |    22 ||    22

Table legend:
 A = Non-vault XP
 B = Vault XP
 C = Vault XP percentage of total XP
 D = Non-vault monster count
 E = Vault monster count
 F = Vault count percentage of total count
                 A         B        C        D         E       F
            +---------+---------+-------+---------+---------+-------
      Total |    3132 |    1482 |  32.1 |     125 |      27 |  17.8
            +---------+---------+-------+---------+---------+-------
        D:1 |      39 |       0 |   0.0 |      20 |       0 |   0.0
        D:2 |      45 |      42 |  48.3 |      10 |       1 |   9.1
        D:3 |     230 |      41 |  15.1 |      31 |       3 |   8.8
        D:4 |     141 |     246 |  63.6 |       7 |      13 |  65.0
        D:5 |     336 |      41 |  10.9 |       8 |       1 |  11.1
        D:6 |     805 |     162 |  16.8 |      18 |       3 |  14.3
        D:7 |    1536 |     950 |  38.2 |      31 |       6 |  16.2
            +---------+---------+-------+---------+---------+-------
